 Dungeon Crawl Stone Soup version 0.29.1-12-g30fa7ad0bf (webtiles) character file.

Game seed: 2236104864803013064

1085 fantasyman the Shield-Bearer (level 8, -2/59 (63) HPs)
             Began as a Formicid Fighter on Jan 4, 2023.
             Was an Initiate of the Shining One.
             Slain by a wight
             ... wielding a +4 battleaxe
              (10 damage)
             ... on level 5 of the Dungeon.
             The game lasted 00:08:52 (6154 turns).

fantasyman the Shield-Bearer (Formicid Fighter)     Turns: 6154, Time: 00:08:53

HP:   -2/59 (63)    AC: 10    Str: 28    XL:     8   Next: 55%
MP:   9/9           EV:  8    Int:  9    God:    the Shining One [......]
Gold: 273           SH:  8    Dex: 13    Spells: 7/7 levels left

rFire   . . .      SeeInvis +   a - +0 war axe (freeze)
rCold   . . .      Faith    .   l - +3 buckler
rNeg    . . .      Spirit   .   q - +0 chain mail
rPois   .          Reflect  .   (helmet unavailable)
rElec   .          Harm     .   (no cloak)
rCorr   .          Rampage  .   (no gloves)
Will    .....                   (no boots)
Stlth   ..........              (no amulet)
HPRegen 0.19/turn               c - +6 ring of strength
MPRegen 0.11/turn               (no ring)

@: glowing, drained
A: permanent stasis, dig shafts and tunnels, antennae 3, four strong arms
a: Dig, Shaft Self, Renounce Religion


You were on level 5 of the Dungeon.
You worshipped the Shining One.
The Shining One was noncommittal.
You visited 2 branches of the dungeon, and saw 7 of its levels.

You collected 273 gold pieces.

Inventory:

Hand Weapons
 a - a +0 war axe of freezing (weapon)
Armour
 b - a +0 scale mail
 l - a +3 buckler (worn)
 q - a +0 chain mail (worn)
 r - a +2 pair of gloves
Jewellery
 c - a +6 ring of strength (left hand)
 w - a ring of positive energy
Scrolls
 e - 3 scrolls of blinking
 f - a scroll of teleportation {unknown}
 h - a scroll of magic mapping
 k - a scroll of poison {unknown}
 p - a scroll of enchant armour
 s - a scroll of silence {unknown}
 u - 4 scrolls of identify
Potions
 d - a potion of might
 g - 2 potions of lignification
 i - 3 potions of curing
 j - 2 potions of cancellation {unknown}
 m - a potion of attraction {unknown}
 n - a potion of flight {unknown}
 o - a potion of heal wounds {unknown}
 t - a potion of degeneration {unknown}
 v - 2 potions of berserk rage {unknown}


   Skills:
 * Level 5.4 Fighting
 - Level 5.7 Axes
 * Level 5.9 Armour
 - Level 1.0 Dodging
 - Level 0.6 Stealth
 * Level 6.6 Shields
 - Level 0.2 Spellcasting
 * Level 2.1 Invocations


You had 7 spell levels left.
You didn't know any spells.
Your spell library contained the following spells:

 Spells                   Type           Power      Damage    Failure   Level
 Conjure Flame            Conj/Fire      0%         6-21      100%        3
 Ignite Poison            Fire/Tmut/Pois 0%         N/A       100%        3
 Animate Armour           Summ/Erth      0%         N/A       100%        4
 Sticky Flame             Conj/Fire      0%         2d3       100%        4
 Blade Hands              Tmut           0%         N/A       100%        5
 Iron Shot                Conj/Erth      0%         9d1       100%        6


Dungeon Overview and Level Annotations

Branches:
Dungeon (6/15)             Temple (1/1) D:5

Altars:
Ashenzari
Cheibriados
Dithmenos
Elyvilon
Gozag
Hepliaklqana
Kikubaaqudgha
Nemelex Xobeh
Okawaru
Qazlal
Ru
Sif Muna
Trog
Uskayaw
Vehumet
Wu Jian
Xom
Yredelemnul
The Shining One

Shops:
D:2 (   D:5 *   D:6 [


Innate Abilities, Weirdness & Mutations

You cannot be hasted, slowed, berserked, paralysed or teleported.
You can dig through walls and to a lower floor.
You have a pair of large antennae on your head. (SInv)
Your four strong arms can wield two-handed weapons with a shield.


Message History

There is a stone staircase leading down here.
You climb downwards.
Found a potion of curing.
Found Caxaqiatre's Antique Armour Emporium.
Found a stone staircase leading down.
There is a stone staircase leading up here.
There are monsters nearby!
You barely miss the wight. The wight closely misses you.
You closely miss the wight.
The centaur wields a +0 shortbow.
The centaur shoots an arrow.
The arrow closely misses you. The wight closely misses you.
The centaur shoots an arrow.
The arrow hits you but does no damage.
You hear a bark!
You barely miss the wight.
The centaur shoots an arrow.
You block the arrow. You block the wight's attack.
The wight hits you from afar with a +2 halberd of freezing!
The wight freezes you.
A wight comes into view. It is wielding a +0 great sword.
A hound comes into view.
Unknown command.
You hit the wight but do no damage.
The centaur shoots an arrow.
The arrow barely misses you. You block the wight's attack. x2
You hit the wight but do no damage. x2; The centaur shoots an arrow.
The arrow hits you. The wight barely misses you.
The wight hits you with a +2 mace.
You feel drained. You block the wight's attack.
A wight comes into view.
It is wielding a +5 dire flail of freezing.
A scorpion comes into view.
The centaur shoots an arrow.
The arrow barely misses you. The wight barely misses you.
The wight hits you with a +4 battleaxe! The wight hits you but does no damage.
The centaur shoots an arrow.
You block the arrow.
The wight hits you but does no damage. x2
You climb upwards.
There is a stone staircase leading down here.
The wight attacks as you move away!
The wight hits you with a +4 battleaxe!!
* * * LOW HITPOINT WARNING * * *
You feel drained.
You die...

### #### #.###..# ####
####.#....####
####..###..z......#..###
#.#....#...@..#........##
##...........z......#....##
#...................##....###
#...................#......#.
#......##.>................#.
##....#..#...............#....
###.....#.....##)..)[.#....###..
##............#####.#.##.....##..
#...........#.####..#[##.....###.


You could see 2 wights.

Vanquished Creatures
  Eustachio (D:4)
  An ice beast (D:5)
  An ogre (D:4)
  A phantom (D:5)
  A necrophage (D:4)
  A scorpion (D:5)
  3 orc priests (D:5)
  A hound (D:3)
  2 iguanas (D:5)
  7 orc wizards
  8 adders
  4 gnolls (D:3)
  2 white imps
  An ufetubus (D:5)
  5 worms
  2 dart slugs
  16 orcs
  4 ball pythons
  6 bats
  6 endoplasms
  7 giant cockroaches
  5 goblins
  A hobgoblin (D:2)
  9 jackals
  4 kobolds
  3 quokkas
  A frilled lizard (D:3)
  6 rats
109 creatures vanquished.

Notes
Turn   | Place    | Note
-------+----------+-------------------------------------------
     0 | D:1      | fantasyman the Formicid Fighter began the quest for the
                  | Orb.
     0 | D:1      | Reached XP level 1. HP: 18/18 MP: 1/1
    87 | D:1      | Reached XP level 2. HP: 22/24 MP: 2/2
   383 | D:1      | Found a faded altar of an unknown god.
  1116 | D:2      | Reached XP level 3. HP: 24/29 MP: 3/3
  1603 | D:2      | Reached XP level 4. HP: 30/35 MP: 4/4
  2058 | D:2      | Found Zonkig's Antique Weapon Shop.
  2374 | D:3      | Reached XP level 5. HP: 42/42 MP: 5/5
  3065 | D:4      | Reached XP level 6. HP: 45/48 MP: 6/6
  3153 | D:4      | Noticed Eustachio
  3170 | D:5      | Entered Level 5 of the Dungeon
  3213 | D:5      | Reached XP level 7. HP: 22/55 MP: 7/7
  3995 | D:5      | Found a staircase to the Ecumenical Temple.
  4028 | D:5      | Reached skill level 5 in Axes
  4028 | D:5      | Reached skill level 5 in Armour
  4028 | D:5      | Reached skill level 5 in Shields
  4083 | D:5      | Reached skill level 1 in Dodging
  4097 | Temple   | Entered the Ecumenical Temple
  4313 | Temple   | Became a worshipper of the Shining One
  4385 | D:5      | Found Budyh's Elemental Accessories.
  4545 | D:5      | Reached XP level 8. HP: 33/61 MP: 8/8
  4981 | D:4      | Reached skill level 1 in Invocations
  5039 | D:4      | Reached skill level 5 in Fighting
  5039 | D:4      | Reached skill level 6 in Shields
  5050 | D:4      | Killed Eustachio
  5785 | D:4      | Found a shadowy altar of Dithmenos.
  6143 | D:6      | Found Caxaqiatre's Antique Armour Emporium.
  6154 | D:5      | Slain by a wight

Illustrated notes

Levels and vault maps discovered:
D:1:      ebering_trefoil_twist, layout_basic,
          dreamdust_ecumenical_altar_angels_and_demons
D:2:      kennysheep_big_flooded_room, layout_loops_ring, serial_shops,
          nicolae_shop_statue_plus
D:3:      layout_rooms
D:4:      layout_loops_cross, amcnicky_altar_gilded, serial_glass,
          glass_columns_b, glass_columns_b, eino_tiny_chamber,
          chequers_serial_rivers_micro_a, uniq_eustachio
D:5:      layout_cave_pools, temple_pool_b, nicolae_elemental_shop
D:6:      layout_basic, interstate_on_off, chequers_serial_rivers_small_b,
          nicolae_stop_n_shop_1
Temple:   compressed_dpeg_circular_temple

Skill      XL: |  1  2  3  4  5  6  7  8 |
---------------+-------------------------+-----
Armour         | 4 5 |  5.9
Axes           | 3 4 5 |  5.7
Fighting       | 4 5 |  5.4
Shields        | 5 6 |  6.6
Dodging        | 1 |  1.0
Invocations    | 2 |  2.1
Stealth        | |  0.6
Spellcasting   | |  0.2

Action                   |  1- 3 |  4- 6 |  7- 9 || total
-------------------------+-------+-------+-------++-------
Melee: War axe           |    91 |   123 |   142 ||   356
 Abil: Dig               |       |     1 |       ||     1
  Use: Scroll            |       |     5 |     6 ||    11
       Potion            |       |     2 |       ||     2
Armor: Scale mail        |    52 |    55 |       ||   107
       Skin              |       |    21 |       ||    21
       Chain mail        |       |       |    55 ||    55
Dodge: Dodged            |    54 |    46 |    64 ||   164
Block: Buckler           |    34 |    47 |    80 ||   161
